 Dungeon Crawl Stone Soup version 0.15.2 (webtiles) character file.

16 glosham the Skirmisher (level 2, 0/31 HPs)
             Began as an Ogre Arcane Marksman on Apr 9, 2017.
             Slain by an adder (2 damage)
             ... on Level 3 of the Dungeon.
             The game lasted 00:03:30 (149 turns).

glosham the Skirmisher (Ogre Arcane Marksman)        Turns: 149, Time: 00:03:31

HP   0/31        AC  3     Str 15      XL: 2   Next: 54%
MP   3/3         EV 10     Int 12      God:
Gold 0           SH  0     Dex  9      Spells:  1 memorised,  2 levels left

rFire  . . .     SeeInvis .     a - -2 short sword (curse)
rCold  . . .     Clarity  .     e - +0 robe
rNeg   . . .     rCorr    .     (shield restricted)
rPois  .         rRot     .     (helmet restricted)
rElec  .         Spirit   .     (no cloak)
SustAb .         Warding  .     (gloves unavailable)
rMut   .         Stasis   .     (boots unavailable)
Gourm  .                        (no amulet)
MR     .....                    (no ring)
                                (no ring)

@: lethally poisoned, not resistant to hostile enchantments, very unstealthy
A: unfitting armour, tough skin 1
a: no special abilities


You were on level 3 of the Dungeon.
You were not hungry.

You visited 1 branch of the dungeon, and saw 3 of its levels.

Inventory:

Hand weapons
 a - a cursed -2 short sword (weapon)
 b - a cursed -3 dagger
Missiles
 c - 2 throwing nets
 g - 3 stones
 h - 4 large rocks (quivered)
Armour
 e - a +0 robe (worn)
Comestibles
 f - a meat ration
Books
 d - a book of Debilitation

   Spells                             Type                      Level
   *Corona                            Hexes                        1
   Slow                               Hexes                        2
   Inner Flame                        Hexes/Fire                   3
   Enslavement                        Hexes                        4
   Cause Fear                         Hexes                        4
   Leda's Liquefaction                Hexes/Earth                  4


   Skills:
 * Level 3.3 Fighting
 - Level 2.1 Throwing
 - Level 1.7 Dodging
 - Level 1.2 Spellcasting
 - Level 2.1 Hexes


You had 2 spell levels left.
You knew the following spells:

 Your Spells              Type           Power        Failure   Level  Hunger
c - Corona                Hex            #......      14%         1    ##.....


Dungeon Overview and Level Annotations

Branches:
Dungeon (3/15)

Altars:
Fedhas


Innate Abilities, Weirdness & Mutations

You are too large for most types of armour.
You have tough skin (AC +1).


Message History

Found 13 gold pieces.
Found a stone staircase leading down.
The giant cockroach bites you but does no damage.
You see here a scroll labeled IXIUNI SIZEA.
i - a scroll labeled IXIUNI SIZEA The giant cockroach bites you but does no damage.
Read which item? (? for menu, Esc to quit)
As you read the scroll labeled IXIUNI SIZEA, it crumbles to dust.
You hear a loud clanging noise!
It was a scroll of noise.
You hear a shout!
The giant cockroach bites you.
* * * LOW HITPOINT WARNING * * *
The giant cockroach falls through a shaft!
The shaft crumbles and collapses.
i - an oily cyan potion An adder comes into view.
There is a stone staircase leading down here.
The adder bites you.
* * * LOW HITPOINT WARNING * * *
You are lethally poisoned!
The adder poisons you!
You climb downwards.
You hear the sound of rushing water.
There is an entrance to a sewer on this level.
Hurry and find it before the portal rusts away! 4 gnolls come into view.
* * * LOW HITPOINT WARNING * * *
You feel sick.
The gnoll shouts! x4
Found 18 stones and a mace.
There is a stone staircase leading up here.
A giant newt comes into view.
An adder comes into view.
Read which item? (? for menu, Esc to quit)
Okay, then.
Drink which item? (? for menu, Esc to quit)
It has a very clean taste.
It was a potion of cure mutation.
* * * LOW HITPOINT WARNING * * *
You feel sick. The gnoll barely misses you. The adder bites you.
You die...

###########
#.)(g.ggg.#
#.#######.####...#
#..S@l......#
#.##.####.... #
#.# #.# #.# ...
.## . .


You could see a gnoll, an adder and a giant newt.

Vanquished Creatures
  An adder (D:2)
  A giant gecko (D:2)
  A bat (D:2)
  A goblin (D:2)
  3 kobolds (D:2)
7 creatures vanquished.

Notes
Turn   | Place    | Note
--------------------------------------------------------------
     0 | D:1      | glosham, the Ogre Arcane Marksman, began the quest for the Orb.
     0 | D:1      | Reached XP level 1. HP: 19/19 MP: 2/2
    29 | D:2      | Reached skill level 2 in Fighting
    53 | D:2      | Found a blossoming altar of Fedhas.
   103 | D:2      | HP: 2/22 [adder (3)]
   104 | D:2      | Reached skill level 3 in Fighting
   104 | D:2      | Reached XP level 2. HP: 2/31 MP: 3/3
   145 | D:3      | HP: 3/31 [poisoned by an adder]
   149 | D:3      | Slain by an adder

Action                   || total
-------------------------++-------
Melee: Unarmed           ||    30
Throw: Large rock        ||     6
 Cast: Corona            ||     4
  Use: Scroll            ||     2
       Potion            ||     1

Table legend:
 A = Turns spent in this place as a percentage of turns spent in the entire game.
 B = Non-inter-level travel turns spent in this place as a percentage of non-inter-level travel turns spent in the entire game.
 C = Inter-level travel turns spent in this place as a percentage of turns spent in this place.
 D = Turns resting spent in this place as a percentage of non-inter-level travel turns spent in this place.
 E = Turns spent auto-exploring this place as a percentage of non-inter-level travel turns spent in this place.
 F = Non-inter-level travel turns spent in this place divided by the number of levels of this place that you've seen.
                   A       B       C       D       E      F
               +-------+-------+-------+-------+-------+----------------------
         Total | 100.0 | 100.0 |   0.0 |   0.0 |   0.0 |  45.3
       Dungeon | 100.0 | 100.0 |   0.0 |   0.0 |   0.0 |  45.3
               +-------+-------+-------+-------+-------+----------------------

Table legend:
 A = Kills in this place as a percentage of kills in entire the game.
 B = Kills by you in this place as a percentage of kills by you in the entire game.
 C = Kills by friends in this place as a percentage of kills by friends in the entire game.
 D = Other kills in this place as a percentage of other kills in the entire game.
 E = Experience gained in this place as a percentage of experience gained in the entire game.
 F = Experience gained in this place divided by the number of levels of this place that you have seen.
                   A       B       C       D       E      F
               +-------+-------+-------+-------+-------+----------------------
         Total | 100.0 | 100.0 |  -nan |  -nan | 100.0 |   7.7
       Dungeon | 100.0 | 100.0 |  -nan |  -nan | 100.0 |   7.7
               +-------+-------+-------+-------+-------+----------------------

Vault maps used:
D:1:      lemuel_arrival_river_ford
D:2:      overflow_temple_1_default, lemuel_doored_altar
D:3:      first_bread, gup_sewer_entry_bowl, kennysheep_generic_room_14
